AoeStats
← Emden

Arabia

510923278Analyzed
1v1 RM · 11h ago on Oct 3, 2026· 24m 33s· 2 players
Game mode
Random Map
Map size
Tiny (2 player)
Population
200
Speed
Normal
Resources
Standard
Victory
Conquest
Starting age
Dark Age
Ending age
Imperial Age
RankedLock teamsTeams togetherTeam positionsShared explorationLock speedFull tech treeHidden civsTurbo modeCheats
Victory
Defeat
🇦🇷 Persians · Argentina
728
+16
🇺🇸 Britons · United States
729
-16
Coco31724
7:21 Loom
10:00 Feudal Age
10:19 Town Watch
13:19 Wheelbarrow
Emden
9:58 Loom
11:47 Feudal Age
10:03 Loom
12:18 Double-Bit Axe
16:53 Stone Mining
Connection lost

Rejoining the realm…

Still unreachable

The connection could not be restored.

Session expired

The server has moved on; the page needs a fresh start.